 Dungeon Crawl Stone Soup version 0.18-a0-1773-gec4f98e (webtiles) character file.

504 Zhenya25pyc the Cudgeler (level 7, -1/44 HPs)
             Began as a Gargoyle Fighter on Apr 14, 2016.
             Slain by an orc wizard
             ... wielding a +0 dagger
              (2 damage)
             ... on level 4 of the Dungeon.
             The game lasted 00:06:32 (2739 turns).

Zhenya25pyc the Cudgeler (Gargoyle Fighter)         Turns: 2739, Time: 00:06:33

Health: -1/44      AC: 14    Str: 21    XL:     7   Next: 17%
Magic:  7/7        EV:  5    Int:  9    God:
Gold:   251        SH: 13    Dex:  9    Spells: 0 memorised, 6 levels left

rFire  . . .     SeeInvis .     a - +0 flail
rCold  . . .     Gourm    .     b - +0 scale mail
rNeg   + . .     Faith    .     n - +0 large shield
rPois  ∞         Spirit   .     (no helmet)
rElec  +         Dismiss  .     s - +0 cloak {+Inv}
rCorr  .         Reflect  .     p - +0 pair of gloves
SustAt .         Harm     .     (no boots)
MR     .....                    (no amulet)
Stlth  ..........               (no ring)
                                (no ring)

@: not resistant to hostile enchantments, extremely unstealthy
A: negative energy resistance 1, electricity resistance, unbreathing,
petrification resistance, rot immunity, AC +4
a: Evoke Invisibility


You were on level 4 of the Dungeon.
You were hungry.

You visited 1 branch of the dungeon, and saw 4 of its levels.

You collected 251 gold pieces.

Inventory:

Hand Weapons
 a - a +0 flail (weapon)
Armour
 b - a +0 scale mail (worn)
 n - a +0 large shield (worn)
 p - a +0 pair of gloves (worn)
 s - a +0 cloak of invisibility (worn)
Wands
 r - a wand of polymorph (17/24)
Scrolls
 h - 3 scrolls of remove curse {unknown}
 i - 3 scrolls of identify {unknown}
 k - a scroll of magic mapping {unknown}
 v - 4 scrolls of recharging {unknown}
 w - a scroll of fear {unknown}
 y - a scroll of noise {unknown}
Potions
 d - a potion of might
 e - 3 potions of berserk rage {unknown}
 g - 2 potions of cure mutation {unknown}
 o - a potion of brilliance {unknown}
 q - a potion of heal wounds {unknown}
 t - a potion of flight {unknown}
 u - a potion of curing {unknown}
 z - a potion of degeneration {unknown}
Books
 m - a book of Hinderance

   Spells                             Type                      Level
   a - Confusing Touch                Hexes                        2
   b - Confuse                        Hexes                        3
   c - Gell's Gravitas                Hexes/Translocation          3
   d - Petrify                        Transmutation/Earth          4
   e - Metabolic Englaciation         Hexes/Ice                    5
   f - Yara's Violent Unravelling     Hexes/Transmutation          5
 x - a book of Power

   Spells                             Type                      Level
   a - Fulminant Prism                Conjuration/Hexes            4
   b - Iskenderun's Mystic Blast      Conjuration                  4
   c - Venom Bolt                     Conjuration/Poison           5
   d - Bolt of Magma                  Conjuration/Fire/Earth       5
   e - Iron Shot                      Conjuration/Earth            6
   f - Orb of Destruction             Conjuration                  7
   g - Spellforged Servitor           Conjuration/Summoning        7
Comestibles
 c - 2 meat rations
 f - 3 bread rations
 j - a beef jerky
 l - 8 fruits


   Skills:
 + Level 4.9 Fighting
 * Level 5.5 Maces & Flails
 + Level 5.3 Armour
 - Level 3.2 Shields


You had 6 spell levels left.
You didn't know any spells.

Dungeon Overview and Level Annotations

Branches:
Dungeon (4/15)
 Temple: D:4-7

Altars:
Ashenzari
Fedhas
Gozag
Kikubaaqudgha
Zin


Innate Abilities, Weirdness & Mutations

You are resistant to torment.
Your stone body is resilient (AC +4).
You are immune to poison.
You resist negative energy.
You are resistant to electric shocks.
You can survive without breathing.
You are immune to petrification.
You are immune to rotting.


Message History

The orc wizard hits you but does no damage.
You hit the orc wizard but do no damage.
The orc wizard is lightly wounded.
You block the orc wizard's attack. The orc wizard casts a spell at you.
The puff of frost hits you!
* * * LOW HITPOINT WARNING * * *
You sock the orc wizard!
The orc wizard is almost dead.
The orc wizard hits you but does no damage.
The orc wizard points at you and mumbles some strange words.
The puff of flame hits you!
* * * LOW HITPOINT WARNING * * *
Your shield prevents you from hitting the orc wizard.
The orc wizard is almost dead.
You block the orc wizard's attack. x2
You closely miss the orc wizard.
The orc wizard is almost dead.
The orc wizard barely misses you. The orc wizard hits you with a dagger.
You die...

##.## ##.#.## ##.###.###
#######.## ##..# ........#
#........###.#.# .....#.#
#.#######.#..#.# . ... #.#
#.########>#.#.# .##.# #.#
#.#....<...#.#.### ....###.###
#@#.######........
##......#.######o#.# #.#.####.
.................#.# #.#<# #.
.(.(..(...#..#.#.#.# #.#.# #.
.##.###.........#..# #.#.####.
(((............###.# ###.#.>....
#.................#####...######.
#.#.###.#................## #.
..#.# #.#.........#####..# #.


You could see an orc wizard.

Vanquished Creatures
  Sigmund (D:2)
  A centaur (D:4)
  A hound (D:3)
  Crazy Yiuf (D:2)
  A giant frog skeleton (D:4)
  Natasha (twice) (D:2)
  Robin (D:2)
  5 adders
  3 worms (D:3)
  A dart slug (D:2)
  2 giant geckos
  An orc (D:4)
  2 ball pythons
  6 bats
  6 giant cockroaches
  7 hobgoblins
  8 jackals
  10 kobolds
  2 quokkas (D:3)
  4 giant newts
  9 goblins
  8 rats
82 creatures vanquished.

Vanquished Creatures (others)
  A human (D:2)
1 creature vanquished.

Grand Total: 83 creatures vanquished

Notes
Turn   | Place    | Note
--------------------------------------------------------------
     0 | D:1      | Zhenya25pyc the Gargoyle Fighter began the quest for the Orb.
     0 | D:1      | Reached XP level 1. HP: 14/14 MP: 1/1
    91 | D:1      | Reached XP level 2. HP: 15/19 MP: 2/2
   424 | D:1      | Reached XP level 3. HP: 23/23 MP: 3/3
   678 | D:2      | Noticed Natasha
   682 | D:2      | Killed Natasha
   702 | D:2      | Reached XP level 4. HP: 28/29 MP: 4/4
   748 | D:2      | Found a blossoming altar of Fedhas.
   920 | D:2      | Noticed Sigmund
   936 | D:2      | Killed Sigmund
   936 | D:2      | Reached XP level 5. HP: 25/34 MP: 5/5
   936 | D:2      | Reached XP level 6. HP: 29/39 MP: 6/6
  1048 | D:2      | Noticed Natasha
  1064 | D:2      | Killed Natasha
  1125 | D:2      | Noticed Robin
  1140 | D:2      | Killed Robin
  1350 | D:2      | Noticed Crazy Yiuf
  1364 | D:2      | Killed Crazy Yiuf
  1500 | D:2      | Found an ancient bone altar of Kikubaaqudgha.
  1500 | D:2      | Noticed a human
  1504 | D:2      | Killed a human
  1680 | D:3      | Reached skill level 5 in Maces & Flails
  1680 | D:3      | Reached skill level 5 in Armour
  2424 | D:3      | Found a glowing silver altar of Zin.
  2425 | D:3      | Found an opulent altar of Gozag.
  2664 | D:4      | Found a shattered altar of Ashenzari.
  2722 | D:4      | Reached XP level 7. HP: 19/44 MP: 7/7
  2737 | D:4      | HP: 1/44 [orc wizard/puff of flame (4)]
  2739 | D:4      | Slain by an orc wizard

Vault maps used:
D:1:      lemuel_arrival_cross, monster_avoids_cloud
D:2:      fedhas_altar_fruit_tree, tgw_kikubaaqudgha, uniq_robin, uniq_sigmund,
          uniq_natasha, uniq_crazy_yiuf_cottage
D:3:      grunt_temple_overflow_gold_and_silver, first_bread,
          nrook_mini_backslash
D:4:      nicolae_ossuary_entry_plus, hangedman_decor_slide_cut,
          ashenzari_altar_1

Skill      XL: |  1  2  3  4  5  6 |
---------------+-------------------+-----
Maces & Flails | 3 4 5 |  5.5
Armour         | 4 5 |  5.3
Fighting       | 4 |  4.9
Shields        | |  3.2

Action                   |  1- 3 |  4- 6 |  7- 9 || total
-------------------------+-------+-------+-------++-------
Melee: Flail             |    96 |   250 |    17 ||   363
  Eat: Chunk             |       |     6 |       ||     6
Armor: Scale mail        |    59 |   146 |    12 ||   217
Dodge: Dodged            |    35 |    64 |     2 ||   101
Block: Shield            |    65 |    27 |       ||    92
       Large shield      |       |   172 |    11 ||   183
